 Dungeon Crawl Stone Soup version 0.27-a0-1416-g941b2bd30b (webtiles) character file.

Game seed: 7638696676171200631

39 blackman the Conjurer (level 3, -2/29 HPs)
             Began as a Draconian Conjurer on July 1, 2021.
             Was an Initiate of Gozag.
             Killed from afar by an orc wizard (3 damage)
             ... with a magic dart
             ... on level 2 of the Dungeon.
             The game lasted 00:12:55 (2785 turns).

blackman the Conjurer (Draconian Conjurer)          Turns: 2785, Time: 00:12:56

Health: -2/29      AC:  6    Str:  9    XL:     3   Next: 26%
Magic:  1/6        EV: 12    Int: 19    God:    Gozag
Gold:   98         SH:  0    Dex:  9    Spells: 5/6 levels left

rFire    . . .     SeeInvis .   j - +0 battleaxe
rCold    + . .     Faith    .   (shield currently unavailable)
rNeg     . . .     Spirit   .   (armour unavailable)
rPois    +         Reflect  .   (helmet restricted)
rElec    .         Harm     .   (no cloak)
rCorr    .         Rampage  .   i - +0 pair of gloves
Will     .....                  (no boots)
Stlth    ++........             (no amulet)
HPRegen  0.09/turn              a - ring of poison resistance
MPRegen  0.10/turn              e - ring of protection from cold

@: no status effects
A: AC +5, unfitting armour, cold-blooded
a: Renounce Religion, Potion Petition, Call Merchant, Bribe Branch


You were on level 2 of the Dungeon.
You worshipped Gozag.
Gozag was noncommittal.
You visited 1 branch of the dungeon, and saw 3 of its levels.

You collected 98 gold pieces.

Inventory:

Hand Weapons
 j - a +0 battleaxe (weapon)
Armour
 d - a +0 helmet
 i - a +0 pair of gloves (worn)
Jewellery
 a - a ring of poison resistance (left hand)
 e - a ring of protection from cold (right hand)
Scrolls
 c - 3 scrolls of teleportation {unknown}
 f - a scroll of identify {unknown}
 h - a scroll of magic mapping {unknown}
Potions
 b - a potion of lignification {unknown}
 g - a potion of curing {unknown}


   Skills:
 * Level 2.1 Fighting
 - Level 1.8 Dodging
 - Level 1.8 Stealth
 - Level 2.0 Spellcasting
 * Level 4.6 Conjurations


You had 5 spell levels left.
You knew the following spells:

 Your Spells              Type           Power      Damage    Failure   Level
a - Magic Dart            Conj           76%        1d6       2%          1

Your spell library contained the following spells:

 Spells                   Type           Power      Damage    Failure   Level
 Searing Ray              Conj           38%        3d4       3%          2
 Dazzling Flash           Conj/Hex       20%        N/A       21%         3
 Gell's Gravitas          Tloc           0%         N/A       45%         3
 Lesser Beckoning         Tloc           0%         N/A       45%         3
 Teleport Other           Tloc           1%         N/A       45%         3
 Fulminant Prism          Conj/Hex       5%         3d7       54%         4
 Iskenderun's Mystic Bla  Conj/Tloc      10%        2d4       54%         4


Dungeon Overview and Level Annotations

Branches:
Dungeon (3/15)

Altars:
Gozag


Innate Abilities, Weirdness & Mutations

Your plain brown scales are hard. (AC +5)
You cannot fit into any form of body armour.
You are cold-blooded and may be slowed by cold attacks.


Message History

Okay, then.
You need at least 400 gold to purchase potions right now!
This spell is quite dangerous to cast!
Memorise Dazzling Flash, consuming 3 spell levels and leaving 2?
Okay, then.
Okay, then.
Casting: Magic Dart (safe; 2% risk of failure)
Confirm with . or Enter, or press ? or * to list all spells.
Aiming: Magic Dart (safe; 2% risk of failure)
Press: ? - help, Shift-Dir - straight line, f/p - orc wizard
Aim: an orc wizard, wielding a +0 dagger and wearing a +0 robe (severely wounded, 100% to hit)
The magic dart hits the orc wizard.
The orc wizard is almost dead.
The orc wizard gestures at you while chanting.
The magic dart hits you.
* * * LOW HITPOINT WARNING * * *
Casting: Magic Dart (safe; 2% risk of failure)
Confirm with . or Enter, or press ? or * to list all spells.
Aiming: Magic Dart (safe; 2% risk of failure)
Press: ? - help, Shift-Dir - straight line, f/p - orc wizard
Aim: an orc wizard, wielding a +0 dagger and wearing a +0 robe (almost dead, 100% to hit)
The magic dart hits the orc wizard.
The orc wizard is almost dead.
The orc wizard closely misses you.
Casting: Magic Dart (safe; 2% risk of failure)
Confirm with . or Enter, or press ? or * to list all spells.
Aiming: Magic Dart (safe; 2% risk of failure)
Press: ? - help, Shift-Dir - straight line, f/p - orc wizard
Aim: an orc wizard, wielding a +0 dagger and wearing a +0 robe (almost dead, 100% to hit)
The magic dart hits the orc wizard.
The orc wizard is almost dead.
The orc wizard mumbles some strange words.
The orc wizard flickers and vanishes!
Deactivating autopickup; reactivate with Ctrl-A.
You miss something. Something hits you but does no damage.
You hear some strange, mumbled words.
A magic dart appears from out of thin air!
The magic dart hits you.
You die...
Your body crumbles into a pile of gold.

...###.#.##................#
..........#...##..#####.#..#
##................## #.....#
##.###.#..#...#....# #..#.##
##.###.#..#........###..#..#
.......#..##..#.....##..#..#
...#####..##..#$...........#
................>....##+#..#
#..#####..##).#{@.#........######
.................................
...###.#..##..#...##.......######
#..# #.#..##..#...#..............
...###.#...................######
..............#............#
#..###.#..#..##..##.#...####
...........................# #
..........#..##..##.#...#### #


There were no monsters in sight!

Vanquished Creatures
  A dart slug (D:1)
  2 orcs (D:3)
  3 endoplasms (D:1)
  A giant cockroach (D:2)
  3 goblins
  3 hobgoblins
  A quokka (D:2)
  7 ball pythons
  5 bats
  3 frilled lizards
  3 kobolds
32 creatures vanquished.

Vanquished Creatures (others)
  A plant (D:2)
1 creature vanquished.

Grand Total: 33 creatures vanquished

Notes
Turn   | Place    | Note
-------+----------+-------------------------------------------
     0 | D:1      | blackman the Draconian Conjurer began the quest for the
                  | Orb.
     0 | D:1      | Reached XP level 1. HP: 14/14 MP: 3/3
   419 | D:1      | Reached skill level 1 in Fighting
   419 | D:1      | Reached XP level 2. HP: 23/23 MP: 1/5
  1522 | D:1      | You fall into a shaft and drop 1 floor!
  1745 | D:2      | Found a faded altar of an unknown god.
  1749 | D:2      | Became a worshipper of Gozag Ym Sagoz the Greedy
  1951 | D:2      | Reached XP level 3. HP: 29/29 MP: 3/6
  2781 | D:2      | HP: 1/29 [orc wizard (4)]
  2785 | D:2      | Killed from afar by an orc wizard

Illustrated notes

Levels and vault maps discovered:
D:1:      amcnicky_arrival_feature_with_door, layout_basic, minivault_4
D:2:      layout_basic, shapermc_ecumenical_altar_mp_ritualfount
D:3:      layout_loops_ring, kennysheep_generic_room_12, uniq_sigmund,
          uniq_crazy_yiuf_cottage

Skill      XL: |  1  2  3 |
---------------+----------+-----
Fighting       | 1 2 |  2.1
Dodging        | |  1.8
Stealth        | |  1.8
Spellcasting   | |  2.0
Conjurations   | |  4.6

Action                   || total
-------------------------++-------
Melee: Unarmed           ||    19
       Tailslap          ||     4
       Battleaxe         ||     8
 Cast: Magic Dart        ||    60
Armor: Skin              ||    17
Dodge: Dodged            ||    33

Table legend: (Time is in decaauts)
 A = Elapsed time spent in this place.
 B = Non-inter-level travel time spent in this place.
 C = Inter-level travel time spent in this place.
 D = Time resting spent in this place.
 E = Time spent auto-exploring this place.
 F = Levels seen in this place.
 G = Mean time per level.
                   A        B        C        D        E       F      G
               +--------+--------+--------+--------+--------+-----+--------+
         Total |   2791 |   2666 |    125 |    729 |   1687 |   3 |  930.3 |
       Dungeon |   2791 |   2666 |    125 |    729 |   1687 |   3 |  930.3 |
               +--------+--------+--------+--------+--------+-----+--------+

Top non-repeatable levels by time:
     D:1: 1524 daAuts
     D:2: 1138 daAuts
     D:3: 128 daAuts
